 Dungeon Crawl Stone Soup version 0.27-a0-965-gbf8bb431c4 (webtiles) character file.

Game seed: 16836654714345298080

16 Anon1729 the Insei (level 2, 0/22 HPs)
             Began as a Djinni Transmuter on Apr 12, 2021.
             Slain by a quokka (3 damage)
             ... on level 1 of the Dungeon.
             The game lasted 00:01:16 (803 turns).

Anon1729 the Insei (Djinni Transmuter)               Turns: 803, Time: 00:01:17

Health: 0/22       AC:  2    Str:  9    XL:     2   Next: 54%
Gold:   41         EV: 12    Int: 14    God:
                   SH:  0    Dex: 13

rFire    + + .     SeeInvis .     - Unarmed
rCold    x . .     Faith    .   (no shield)
rNeg     . . .     Spirit   .   a - +0 robe
rPois    ∞         Reflect  .   (no helmet)
rElec    .         Harm     .   (no cloak)
rCorr    .         Rampage  .   (no gloves)
Will     .....                  (boots unavailable)
Stlth    +.........             (no amulet)
HPRegen  0.07/turn              (no ring)
MPRegen  0.00/turn              (no ring)

@: flying, very slightly contaminated, invisible
A: fire resistance 2, cold vulnerability 1, float, innate caster, hp casting,
extra vitality 1
a: no special abilities


You were on level 1 of the Dungeon.
You visited 1 branch of the dungeon, and saw 1 of its levels.

You collected 41 gold pieces.

Inventory:

Armour
 a - a +0 robe (worn)
Scrolls
 c - a scroll of magic mapping {unknown}
 e - 2 scrolls of enchant armour {unknown}
 f - a scroll of noise {unknown}
 g - a scroll of identify {unknown}
 h - a scroll of fear {unknown}
Potions
 d - a potion of mutation {unknown}


   Skills:
 + Level 1.4 Fighting
 + Level 2.5 Dodging
 + Level 3.2 Unarmed Combat
 + Level 2.0 Spellcasting


You couldn't memorise any spells.
You knew the following spells:

 Your Spells              Type           Power      Damage    Failure   Level
a - Beastly Appendage     Tmut           14%        N/A       11%         1
b - Wereblood             Tmut           7%         N/A       16%         2
c - Spider Form           Tmut/Pois      3%         N/A       30%         3
d - Ice Form              Ice/Tmut       7%         N/A       71%         4
e - Hydra Form            Tmut           3%         N/A       96%         5
Your spell library was empty.

Dungeon Overview and Level Annotations

Branches:
Dungeon (1/15)

Altars:


Innate Abilities, Weirdness & Mutations

You are immune to poison.
Your flesh is very heat resistant. (rF++)
You are vulnerable to cold. (rC-)
You float through the air rather than walking.
You learn spells naturally, not from books.
Your magical power is your life essence.
You have superior vitality. (+4 HP)


Message History

The quokka misses you.
You hit the quokka but do no damage.
The quokka is severely wounded.
The quokka completely misses you.
You hit the quokka but do no damage. Your headbutt misses the quokka.
The quokka is severely wounded.
The quokka bites you.
* * * LOW HITPOINT WARNING * * *
You closely miss the quokka.
The quokka is severely wounded.
The quokka bites you.
* * * LOW HITPOINT WARNING * * *
You barely miss the quokka. Your headbutt misses the quokka.
The quokka is severely wounded.
The quokka bites you.
* * * LOW HITPOINT WARNING * * *
Unknown command.
The quokka closely misses you.
The quokka twitches its whiskers.
You aren't carrying any items that you can evoke.
Unknown command.
You hit the quokka but do no damage.
The quokka is moderately wounded.
The quokka misses you.
You closely miss the quokka.
The quokka is moderately wounded.
Your horns disappear.
The quokka closely misses you.
You aren't carrying any items that you can evoke.
It was a potion of invisibility.
You fade into invisibility!
The quokka bites you.
* * * LOW HITPOINT WARNING * * *
You are very lightly contaminated with residual magic.
The quokka misses you. The quokka barely misses you. The quokka misses you.
The quokka barely misses you. The quokka bites you.
You die...

#.# ###..### ## #......#
#. ......# #( #+ ....#
#.
#.##############..#####.
#.....................#.
#.....r##########.###.#.
#......@......# #..# #.
#......######.####.## #.
#####...#...#.......# #.
#...'...#.......#.#.
#...#...#.........##
#...#...##.....#.###
#...#.##########.#..
###...#.##### #.#..
............# #.#..


You could see a quokka.

Vanquished Creatures
  A dart slug (D:1)
  An endoplasm (D:1)
  2 goblins (D:1)
  3 hobgoblins (D:1)
  4 ball pythons (D:1)
  A kobold (D:1)
  A rat (D:1)
13 creatures vanquished.

Notes
Turn   | Place    | Note
-------+----------+-------------------------------------------
     0 | D:1      | Anon1729 the Djinni Transmuter began the quest for the Orb.
     0 | D:1      | Reached XP level 1. HP: 17/17 MP: 0/0
   230 | D:1      | Reached XP level 2. HP: 10/22 MP: 0/0
   783 | D:1      | HP: 1/22 [quokka (1)]
   803 | D:1      | Slain by a quokka

Illustrated notes

Levels and vault maps discovered:
D:1:      mushboom_english_gardens, layout_basic

Skill      XL: |  1  2 |
---------------+-------+-----
Spellcasting   | 2 |  2.0
Fighting       | |  1.4
Dodging        | |  2.5
Unarmed Combat | |  3.2

Action                   || total
-------------------------++-------
Melee: Unarmed           ||    51
       Headbutt          ||     7
 Cast: Beastly Appendage ||    10
  Use: Potion            ||     1
Armor: Robe              ||     2
Dodge: Dodged            ||    37

Table legend: (Time is in decaauts)
 A = Elapsed time spent in this place.
 B = Non-inter-level travel time spent in this place.
 C = Inter-level travel time spent in this place.
 D = Time resting spent in this place.
 E = Time spent auto-exploring this place.
 F = Levels seen in this place.
 G = Mean time per level.
                   A        B        C        D        E       F      G
               +--------+--------+--------+--------+--------+-----+--------+
         Total |    800 |    800 |      0 |    206 |    458 |   1 |  800.0 |
       Dungeon |    800 |    800 |      0 |    206 |    458 |   1 |  800.0 |
               +--------+--------+--------+--------+--------+-----+--------+

Top non-repeatable levels by time:
     D:1: 800 daAuts
